 Dungeon Crawl Stone Soup version 0.31-a0-1074-g0b22e4e0f1 (webtiles) character file.

Game seed: 1188995805581180434

69 CowFu the Ducker (level 4, -3/34 HPs)
             Began as a Demonspawn Gladiator on Dec 3, 2023.
             Slain by an iguana (4 damage)
             ... on level 3 of the Dungeon.
             The game lasted 00:02:08 (2069 turns).

CowFu the Ducker (Demonspawn Gladiator)             Turns: 2069, Time: 00:02:08

Health: -3/34      AC:  9    Str: 17    XL:     4   Next: 2%
Magic:  4/4        EV: 11    Int:  9    God:
Gold:   121        SH:  0    Dex: 14    Spells: 3/3 levels left

rFire   . . .        a - +0 quarterstaff
rCold   . . .        (shield currently unavailable)
rNeg    . . .        f - +1 ring mail {Will+}
rPois   .            c - +0 helmet
rElec   .            (no cloak)
rCorr   .            (no gloves)
SInv    .            (no boots)
Will    ++...        p - amulet of magic regeneration
Stlth   +            h - ring of flight
HPRegen 0.25/turn    t - ring of willpower
MPRegen 0.49/turn

%: no passive effects
@: flying
A: hooves 1, thin metallic scales 1
a: no special abilities


You were on level 3 of the Dungeon.
You visited 1 branch of the dungeon, and saw 3 of its levels.

You collected 121 gold pieces.

Inventory:

Hand Weapons
 a - a +0 quarterstaff (weapon)
Missiles
 d - 3 throwing nets (quivered)
 e - a javelin
Armour
 c - a +0 helmet (worn)
 f - a +1 ring mail of willpower (worn)
Jewellery
 h - a ring of flight (left hand)
 p - an amulet of magic regeneration (around neck)
 s - a ring of protection from cold
 t - a ring of willpower (right hand)
Scrolls
 b - 2 scrolls of enchant weapon {unknown}
 g - a scroll of vulnerability {unknown}
 j - a scroll of enchant armour {unknown}
 m - a scroll of noise {unknown}
 n - a scroll of fog {unknown}
 o - a scroll of blinking {unknown}
 q - a scroll of acquirement {unknown}
 r - a scroll of identify {unknown}
 u - a scroll of teleportation {unknown}
Potions
 i - 3 potions of curing {unknown}
 k - a potion of heal wounds {unknown}
 l - a potion of mutation {unknown}
 v - a potion of invisibility {unknown}


   Skills:
 + Level 2.7 Fighting
 + Level 3.2 Staves
 - Level 1.7 Throwing
 + Level 1.4 Armour
 + Level 3.2 Dodging


You had 3 spell levels left.
You didn't know any spells.
Your spell library contained the following spells:

 Spells                   Type           Power      Damage    Failure   Level
 Ignite Poison            Fire/Tmut/Pois 0%         N/A       91%         3
 Sticky Flame             Conj/Fire      0%         2d3       100%        4
 Ignition                 Fire           0%         3d3       100%        8


Dungeon Overview and Level Annotations

Branches:
Dungeon (3/15)

Altars:


Innate Abilities, Weirdness & Mutations

You have large cloven feet.
You are partially covered in thin metallic scales. (AC +2)


Message History

The iguana is severely wounded.
The iguana bites you. The iguana bites you!
You are too injured to fight recklessly!
You are too injured to fight recklessly!
You are too injured to fight recklessly!
You are too injured to fight recklessly!
You are too injured to fight recklessly!
You are too injured to fight recklessly!
You are too injured to fight recklessly!
You are too injured to fight recklessly!
You are too injured to fight recklessly!
You are too injured to fight recklessly!
You are too injured to fight recklessly!
You are too injured to fight recklessly!
You are too injured to fight recklessly!
You are too injured to fight recklessly!
You are too injured to fight recklessly!
You barely miss the iguana. You kick the iguana, but do no damage.
The iguana is severely wounded.
The iguana closely misses you.
You closely miss the iguana.
The iguana is severely wounded.
The iguana completely misses you.
You closely miss the iguana. You kick the iguana, but do no damage.
The iguana is severely wounded.
The iguana barely misses you.
You barely miss the iguana.
The iguana is severely wounded.
The iguana bites you.
You closely miss the iguana. Your kick misses the iguana.
The iguana is severely wounded.
The iguana bites you but does no damage.
You hit the iguana but do no damage. Your kick misses the iguana.
The iguana is severely wounded.
The iguana bites you!
* * * LOW HITPOINT WARNING * * *
You hit the iguana but do no damage. You kick the iguana.
The iguana is almost dead.
The iguana bites you.
You die...

#..#
##...............#
#..#
###############.#
#..# #.# #..# ##.#
#..# #..# #..#
########### #.##
#. ##.........#
#.# .##.###.####.#
#.# $.. #@#
#.#######.#
#.###l#
#......##.# #..g##
######.##.# #..##
#.##.# #..# #>##.#
s~~P...†# #.##.#
~~♣g##..# ##.##.#
~. #..#
#######...#.# .#
#..# ........#...#


You could see an iguana and a goblin.

Vanquished Creatures
  2 adders
  2 dart slugs
  6 ball pythons
  4 bats
  4 endoplasms
  3 giant cockroaches
  3 goblins
  3 hobgoblins
  2 quokkas (D:2)
  3 frilled lizards
  6 kobolds
  6 rats
44 creatures vanquished.

Notes
Turn   | Place    | Note
-------+----------+-------------------------------------------
     0 | D:1      | CowFu the Demonspawn Gladiator began the quest for the Orb.
     0 | D:1      | Reached XP level 1. HP: 16/16 MP: 1/1
   291 | D:1      | Gained mutation: You are partially covered in thin metallic
                  | scales. (AC +2) [demonic ancestry]
   291 | D:1      | Reached XP level 2. HP: 22/22 MP: 2/2
   469 | D:1      | Found a faded altar of an unknown god.
   860 | D:2      | Reached skill level 1 in Armour
   860 | D:2      | Reached XP level 3. HP: 28/28 MP: 3/3
  2048 | D:3      | Noticed a scorpion
  2049 | D:3      | Gained mutation: You have large cloven feet. [demonic
                  | ancestry]
  2049 | D:3      | Reached XP level 4. HP: 34/34 MP: 4/4
  2068 | D:3      | HP: 1/34 [iguana (11)]
  2069 | D:3      | Slain by an iguana

Illustrated notes

Levels and vault maps discovered:
D:1:      dpeg_arrival_ternary, layout_basic,
          dreamdust_ecumenical_altar_hidden_monk_grotto
D:2:      layout_basic, minmay_between
D:3:      layout_loops_ring, serial_bayou_pond_b

Skill      XL: |  1  2 |
---------------+-------+-----
Staves         | 3 |  3.2
Armour         | 1 |  1.4
Dodging        | 3 |  3.2
Fighting       | |  2.7
Throwing       | |  1.7

Action                     |  1- 3 |  4- 6 || total
---------------------------+-------+-------++-------
  Melee: Quarterstaff      |   142 |    15 ||   157
         Kick              |       |     6 ||     6
 Armour: Leather armour    |     5 |       ||     5
         Ring mail         |    86 |    13 ||    99
  Dodge: Dodged            |    83 |     7 ||    90

Table legend: (Time is in decaauts)
 A = Elapsed time spent in this place.
 B = Non-inter-level travel time spent in this place.
 C = Inter-level travel time spent in this place.
 D = Time resting spent in this place.
 E = Time spent auto-exploring this place.
 F = Levels seen in this place.
 G = Mean time per level.
                   A        B        C        D        E       F      G
               +--------+--------+--------+--------+--------+-----+--------+
         Total |   2092 |   2077 |     15 |      0 |   1703 |   3 |  697.3 |
       Dungeon |   2092 |   2077 |     15 |      0 |   1703 |   3 |  697.3 |
               +--------+--------+--------+--------+--------+-----+--------+

Top non-repeatable levels by time:
     D:2: 942 daAuts
     D:1: 759 daAuts
     D:3: 390 daAuts
